 Dungeon Crawl Stone Soup version 0.26-a0-18-g135ff06667 (webtiles) character file.

Game seed: 7293866966462653907, levelgen mode: deterministic

801 Mrkan the Ruffian (level 7, -1/72 HPs)
             Began as a Troll Hunter on May 25, 2020.
             Was a Believer of Fedhas.
             Killed by divine providence
             ... invoked by an orc priest
              (10 damage)
             ... on level 5 of the Dungeon.
             The game lasted 00:05:41 (3956 turns).

Mrkan the Ruffian (Troll Hunter)                    Turns: 3956, Time: 00:05:42

Health: -1/72      AC:  9    Str: 21    XL:     7   Next: 59%
Magic:  6/6        EV: 10    Int:  8    God:    Fedhas [**....]
Gold:   353        SH:  0    Dex: 11    Spells: 6/6 levels left

rFire    . . .     SeeInvis .     - Unarmed
rCold    . . .     Gourm    +   (no shield)
rNeg     . . .     Faith    .   b - +0 robe
rPois    .         Spirit   .   (helmet restricted)
rElec    .         Reflect  .   l - +2 cloak
rCorr    .         Harm     .   (gloves unavailable)
MR       .....                  (boots unavailable)
Stlth    +.........             (no amulet)
HPRegen  0.62/turn              (no ring)
MPRegen  0.10/turn              (no ring)

@: no status effects
A: large, unfitting armour, claws 3, fast metabolism 3, gourmand, regeneration
1, shaggy fur 1, tough skin 3
a: Wall of Briars, Renounce Religion


You were on level 5 of the Dungeon.
You worshipped Fedhas.
Fedhas was pleased with you.
You were completely stuffed.

You visited 1 branch of the dungeon, and saw 5 of its levels.

You collected 353 gold pieces.

Inventory:

Missiles
 c - 5 large rocks (quivered)
 d - 2 throwing nets
Armour
 b - a +0 robe (worn)
 l - a +2 cloak (worn)
Jewellery
 o - an uncursed ring of protection from cold {unknown}
 r - a +6 ring of intelligence {unknown}
 w - a +4 ring of evasion {unknown}
Wands
 E - a wand of acid (8)
 F - a wand of paralysis (5)
Scrolls
 h - 3 scrolls of fog {unknown}
 i - a scroll of magic mapping {unknown}
 k - 4 scrolls of teleportation {unknown}
 p - a scroll of immolation {unknown}
 q - 7 scrolls of remove curse {unknown}
 s - 4 scrolls of identify {unknown}
 t - a scroll of noise {unknown}
 u - a scroll of blinking {unknown}
 x - 2 scrolls of enchant armour {unknown}
 y - a scroll of amnesia {unknown}
 B - 2 scrolls of enchant weapon {unknown}
Potions
 a - 2 potions of curing {unknown}
 e - 3 potions of heal wounds {unknown}
 g - 2 potions of lignification {unknown}
 j - a potion of magic {unknown}
 m - a potion of invisibility {unknown}
 n - a potion of cancellation {unknown}
 v - 2 potions of might {unknown}
 z - 2 potions of degeneration {unknown}
 A - 3 potions of brilliance {unknown}
 C - a potion of berserk rage {unknown}
 D - a potion of resistance {unknown}
 G - a potion of flight {unknown}
Comestibles
 f - 8 rations
 H - 3 chunks of flesh


   Skills:
 - Level 5.3 Fighting
 - Level 3.6 Throwing
 - Level 1.5 Dodging
 - Level 0.3 Stealth
 + Level 5.7 Unarmed Combat


You had 6 spell levels left.
You didn't know any spells.
Your spell library contained the following spells:

 Spells                   Type           Power        Failure   Level  Hunger
 Foxfire                  Conj/Fire      #...         41%         1    ##.....
 Confusing Touch          Hex            #.......     78%         3    ####...
 Conjure Flame            Conj/Fire      #.......     78%         3    ####...
 Gell's Gravitas          Tloc           #.........   78%         3    ####...
 Inner Flame              Hex/Fire       #.......     78%         3    ####...
 Petrify                  Tmut/Erth      #.......     99%         4    #####..
 Sticky Flame             Conj/Fire      #.......     99%         4    #####..
 Fireball                 Conj/Fire      #.........   100%        5    ######.
 Metabolic Englaciation   Hex/Ice        #.........   100%        5    ######.
 Yara's Violent Unravell  Hex/Tmut       #.........   100%        5    ######.


Dungeon Overview and Level Annotations

Branches:
Dungeon (5/15)
 Temple: D:4-7

Altars:
Elyvilon
Fedhas
Hepliaklqana
Okawaru
Vehumet
Wu Jian
The Shining One

Annotations:
D:4 2 transporters


Innate Abilities, Weirdness & Mutations

You are too large for most types of armour.
You have claws for hands.
Your metabolism is lightning-fast.
You like to eat raw meat.
Your natural rate of healing is unusually fast.
You are covered in fur. (AC +1)
You have extremely tough skin. (AC +3)


Message History

* * * LOW HITPOINT WARNING * * *
Found 15 gold pieces.
Found 14 poisoned darts and 18 arrows.
The jackal closely misses you.
Found a trident.
Found a stone staircase leading up.
The jackal bites you.
* * * LOW HITPOINT WARNING * * *
You scratch the jackal.
You kill the jackal!
Fedhas accepts your kill.
You are no longer corroded.
The orc priest hits you from afar with a +0 trident.
* * * LOW HITPOINT WARNING * * *
You see here a jackal corpse.
The jackal barely misses you. The jackal closely misses you.
The orc priest calls down the wrath of Beogh upon you.
Beogh smites you!
You die...
Fedhas appreciates your contribution to the ecosystem.

....# #........##o.......
....## #...#.....#........
.....# #..#.#(.†ho#.......
.....# ..#._.#.##.#.......
.....##...#.#..###........
...### ....#...###o.......
..## ........##o.#......
.## ........†#ho#...... ##
........o@o## .....
.......(.h.# .....
...........# ....
............ #..#
.......$....#
.<...........
.).(.........
.............


You could see 2 orc priests, 3 orcs and 2 jackals.

Vanquished Creatures
  Eustachio (D:4)
  An ice beast (D:3)
  Blork the orc (D:5)
  A scorpion (D:3)
  3 crimson imps
  A jelly (D:5)
  An orc priest (D:3)
  A hound (D:5)
  2 iguanas (D:4)
  Jessica (D:2)
  An orc wizard (D:3)
  A hound skeleton (D:5)
  3 adders
  A shadow imp (D:5)
  2 oozes
  6 worms
  2 dart slugs
  4 leopard geckos
  9 orcs
  4 bats
  3 giant cockroaches
  7 goblins
  6 hobgoblins
  13 jackals
  A quokka (D:2)
  3 frilled lizards
  8 kobolds
  A quokka skeleton (D:4)
  A quokka zombie (D:5)
  3 rats (D:1)
92 creatures vanquished.

Notes
Turn   | Place    | Note
-------+----------+-------------------------------------------
     0 | D:1      | Mrkan the Troll Hunter began the quest for the Orb.
     0 | D:1      | Reached XP level 1. HP: 19/19 MP: 0/0
   228 | D:1      | Reached skill level 1 in Unarmed Combat
   294 | D:1      | Reached XP level 2. HP: 27/27 MP: 1/1
   958 | D:2      | Noticed Jessica
   963 | D:2      | Killed Jessica
   963 | D:2      | Reached XP level 3. HP: 29/33 MP: 2/2
   999 | D:2      | Found a radiant altar of Vehumet.
   999 | D:2      | Found a glowing golden altar of the Shining One.
  1006 | D:2      | Found a blossoming altar of Fedhas.
  1008 | D:2      | Found a faded altar of an unknown god.
  1010 | D:2      | Found a faded altar of an unknown god.
  1025 | D:2      | Became a worshipper of Fedhas Madash
  1070 | D:2      | Reached XP level 4. HP: 40/41 MP: 3/3
  1853 | D:3      | Reached XP level 5. HP: 46/49 MP: 4/4
  2045 | D:3      | Reached * piety under Fedhas
  2114 | D:3      | Found a faded altar of an unknown god.
  2431 | D:3      | Found an ornate altar of the Wu Jian Council.
  2689 | D:4      | Reached XP level 6. HP: 62/62 MP: 5/5
  2691 | D:4      | Noticed a komodo dragon
  2697 | D:4      | Noticed an ice beast
  2698 | D:4      | Found a transporter.
  2698 | D:4      | Found a hazy altar of Hepliaklqana.
  2796 | D:3      | Killed an ice beast
  2875 | D:4      | Found a transporter.
  3020 | D:4      | Noticed Eustachio
  3040 | D:4      | Killed Eustachio
  3040 | D:4      | Reached skill level 5 in Fighting
  3040 | D:4      | Reached XP level 7. HP: 27/72 MP: 6/6
  3336 | D:4      | Found a white marble altar of Elyvilon.
  3545 | D:5      | Entered Level 5 of the Dungeon
  3625 | D:5      | Reached skill level 5 in Unarmed Combat
  3882 | D:5      | Noticed Blork the orc
  3889 | D:5      | Killed Blork the orc
  3926 | D:5      | Found an iron altar of Okawaru.
  3940 | D:5      | Reached ** piety under Fedhas
  3956 | D:5      | Killed from afar by an orc priest

Illustrated notes

Levels and vault maps discovered:
D:1:      dpeg_arrival_snail, layout_basic, minmay_pentomino_u4
D:2:      minmay_general_purpose_star, layout_basic,
          chequers_temple_overflow_minitemple, minmay_misc_feat_rows,
          uniq_jessica
D:3:      layout_basic, old_standard_altar,
          chequers_ecumenical_altar_simple_redux
D:4:      layout_cave_pools, gammafunk_temple_overflow_arena, kennysheep_mini,
          uniq_eustachio
D:5:      layout_cave_pods, kiku_gazebo_pond_becter, first_ration,
          okawaru_metal_pillars_3, uniq_blork_the_orc

Skill      XL: |  1  2  3  4  5  6  7 |
---------------+----------------------+-----
Unarmed Combat | 1 3 4 5 |  5.7
Fighting       | 2 3 5 |  5.3
Throwing       | |  3.6
Dodging        | |  1.5
Stealth        | |  0.3

Action                   |  1- 3 |  4- 6 |  7- 9 || total
-------------------------+-------+-------+-------++-------
Melee: Unarmed           |    69 |   149 |    80 ||   298
       Punch             |       |     2 |     1 ||     3
 Stab: Sleeping          |       |     1 |     1 ||     2
  Eat: Chunk             |    15 |    16 |    11 ||    42
Armor: Robe              |    27 |    65 |    41 ||   133
Dodge: Dodged            |    35 |    70 |    74 ||   179

Table legend:
 A = Non-vault XP
 B = Vault XP
 C = Vault XP percentage of total XP
 D = Non-vault monster count
 E = Vault monster count
 F = Vault count percentage of total count
                 A         B        C        D         E       F
            +---------+---------+-------+---------+---------+-------
      Total |     810 |     335 |  29.3 |      84 |       8 |   8.7
            +---------+---------+-------+---------+---------+-------
        D:1 |      26 |       5 |  16.1 |      15 |       3 |  16.7
        D:2 |      93 |      44 |  32.1 |      14 |       3 |  17.6
        D:3 |     354 |       0 |   0.0 |      27 |       0 |   0.0
        D:4 |     157 |     196 |  55.5 |      14 |       1 |   6.7
        D:5 |     180 |      90 |  33.3 |      14 |       1 |   6.7
            +---------+---------+-------+---------+---------+-------
